 Dungeon Crawl Stone Soup version 0.26-a0-466-g989023bd0d (webtiles) character file.

Game seed: 7387190354020082526

11282199 Infinimo the Conqueror (level 27, 273/273 HPs)
             Began as a Minotaur Fighter on July 28, 2020.
             Was the Champion of the Shining One.
             Escaped with the Orb
             ... and 14 runes!
             The game lasted 03:01:52 (128562 turns).

Infinimo the Conqueror (Minotaur Fighter)         Turns: 128562, Time: 03:01:53

Health: 273/273    AC: 49    Str: 33    XL:     27
Magic:  42/42      EV: 28    Int:  4    God:    the Shining One [******]
Gold:   17752      SH: 37    Dex: 22    Spells: 78/80 levels left

rFire    + + +     SeeInvis +   l - +8 autumn katana {vorpal, Clar}
rCold    + + +     Faith    .   K - +8 tower shield {rC+}
rNeg     + + +     Spirit   +   S - +14 gold dragon scales of the Final Artisans {-Cast rElec rPois rF+ rC+ Str+3 Dex-2}
rPois    +         Reflect  .   Q - +0 mask of the Dragon {MR+ Slay+3 SInv}
rElec    +         Harm     .   a - scarf {shadows}
rCorr    .         Clarity  +   W - +1 pair of gloves {Dex+3}
MR       +++..     NoCast   +   O - +2 pair of boots {Stlth+}
Stlth    ..........             k - amulet "Kelei" {Spirit rC++ Slay+5}
HPRegen  0.55/turn              Y - ring "Piocenn" {Fire Slay+6}
MPRegen  0.28/turn              N - ring "Arobou" {Wiz +Fly Str+8 Slay+3}

@: glowing, studying 3 skills
A: retaliatory headbutt, horns 2, blurry vision 2, dopey 1, fire resistance 3,
low mp 2, shaggy fur 1, no potion heal 1
0: Orb of Zot
}: 14/15 runes: decaying, serpentine, slimy, silver, iron, obsidian, icy, bone,
abyssal, demonic, glowing, magical, fiery, dark
a: Divine Shield, Cleansing Flame, Summon Divine Warrior, Renounce Religion,
Evoke Flight


You escaped.
You worshipped the Shining One.
The Shining One was exalted by your worship.
You visited 17 branches of the dungeon, and saw 88 of its levels.
You visited Pandemonium 1 time, and saw 18 of its levels.
You visited the Abyss 2 times.
You also visited: Trove, Ossuary, Ice Cave and Volcano.

You collected 42804 gold pieces.
You spent 11339 gold pieces at shops.
You paid 13713 gold pieces to Gozag.

Inventory:

Hand Weapons
 i - the +2 Maxwell's thermic engine {flame, freeze}
   (You bought it in a shop on level 1 of the Snake Pit)

   It has been specially enchanted to burn those struck by it, causing extra
   injury to most foes and up to half again as much damage against particularly
   susceptible opponents.
   Big, fiery blades are also staple armaments of hydra-hunters.
   It has been specially enchanted to freeze those struck by it, causing extra
   injury to most foes and up to half again as much damage against particularly
   susceptible opponents.
 l - the +8 autumn katana (weapon) {vorpal, Clar}
   (You bought it in a shop on level 2 of the Lair of Beasts)

   It inflicts extra damage upon your enemies.
   It protects you against confusion.
 R - a +9 double sword of holy wrath
Armour
 a - a scarf of shadows (worn)
 h - a +2 cloak of preservation
 K - a +8 tower shield of cold resistance (worn)
 O - a +2 pair of boots of stealth (worn)
 Q - the +0 mask of the Dragon (worn) {MR+ Slay+3 SInv}
   (You found it on level 3 of the Realm of Zot)

   It affects your accuracy and damage with ranged weapons and melee attacks
   (+3).
   It affects your resistance to hostile enchantments.
   It lets you see invisible.
 S - the +14 gold dragon scales of the Final Artisans (worn) {-Cast rElec rPois rF+ rC+ Str+3 Dex-2}
   (You bought it in a shop on level 5 of the Lair of Beasts)

   It affects your strength (+3).
   It affects your dexterity (-2).
   It protects you from fire.
   It protects you from cold.
   It insulates you from electricity.
   It protects you from poison.
   It prevents spellcasting.
 W - a +1 pair of gloves of dexterity (worn)
Jewellery
 k - the amulet "Kelei" (around neck) {Spirit rC++ Slay+5}
   (You acquired it on level 1 of the Depths)

   [amulet of guardian spirit]

   It causes incoming damage to be split between your health and magic.
   It affects your accuracy and damage with ranged weapons and melee attacks
   (+5).
   It greatly protects you from cold.
 u - an uncursed ring of see invisible {unknown}
 z - an uncursed ring of positive energy
 N - the ring "Arobou" (right hand) {Wiz +Fly Str+8 Slay+3}
   (You acquired it on level 2 of the Orcish Mines)

   [ring of wizardry]

   It improves your spell success rate.
   It affects your strength (+8).
   It affects your accuracy and damage with ranged weapons and melee attacks
   (+3).
   It lets you fly.
 P - an uncursed ring of poison resistance
 Y - the ring "Piocenn" (left hand) {Fire Slay+6}
   (You bought it in a shop on level 1 of the Snake Pit)

   [ring of fire]

   It enhances your fire magic.
   It affects your accuracy and damage with ranged weapons and melee attacks
   (+6).
   It protects you from fire.
   It makes you vulnerable to cold.
Wands
 n - a wand of digging (25)
 y - a wand of disintegration (199)
 B - a wand of iceblast (18)
 E - a wand of acid (63)
Scrolls
 c - 24 scrolls of magic mapping
 d - 40 scrolls of teleportation
 j - 56 scrolls of remove curse
 r - 3 scrolls of silence
 t - 52 scrolls of identify
 v - 10 scrolls of blinking
 x - 17 scrolls of enchant weapon
 C - 21 scrolls of amnesia
 D - 5 scrolls of holy word
 F - 2 scrolls of brand weapon
 G - a scroll of summoning
 I - 12 scrolls of fear
 M - 2 scrolls of enchant armour
 T - 2 scrolls of torment
 U - 11 scrolls of fog
Potions
 b - 6 potions of magic
 e - 13 potions of curing
 f - 12 potions of degeneration
 g - 14 potions of ambrosia
 m - 23 potions of stabbing
 o - 3 potions of might
 p - 12 potions of flight
 q - 18 potions of brilliance
 s - 8 potions of invisibility
 w - 2 potions of heal wounds
 A - 6 potions of cancellation
 H - 3 potions of haste
 J - 5 potions of resistance
 X - 6 potions of berserk rage
Books
 L - a manual of Translocations
 V - a manual of Slings
 Z - a manual of Crossbows


   Skills:
 O Level 27 Fighting
 O Level 27 Long Blades
   Level 13.1 Maces & Flails
 O Level 27 Armour
 O Level 27 Dodging
 O Level 27 Shields
 O Level 27 Unarmed Combat
 O Level 27 Spellcasting
 + Level 4.9 Translocations
 O Level 27 Invocations


You had 78 spell levels left.
You knew the following spells:

 Your Spells              Type           Power        Failure   Level
a - Swiftness             Air            #.......     10%         2

Your spell library contained the following spells:

 Spells                   Type           Power        Failure   Level
 Apportation              Tloc           #.....       1%          1
 Blink                    Tloc           N/A          1%          2
 Gell's Gravitas          Tloc           #.........   2%          3
 Lesser Beckoning         Tloc           #.........   2%          3
 Teleport Other           Tloc           #.......     2%          3
 Animate Skeleton         Necr           #.....       6%          1
 Beastly Appendage        Tmut           #.....       6%          1
 Corona                   Hex            #......      6%          1
 Foxfire                  Conj/Fire      #...         6%          1
 Freeze                   Ice            #...         6%          1
 Magic Dart               Conj           #...         6%          1
 Pain                     Necr           #...         6%          1
 Sandblast                Erth           #.....       6%          1
 Shock                    Conj/Air       #...         6%          1
 Sting                    Tmut/Pois      #...         6%          1
 Summon Small Mammal      Summ           #...         6%          1
 Portal Projectile        Hex/Tloc       #.....       8%          3
 Call Imp                 Summ           #.......     10%         2
 Corpse Rot               Necr/Air       N/A          10%         2
 Ensorcelled Hibernation  Hex/Ice        #.....       10%         2
 Passwall                 Tmut/Erth      #.......     10%         2
 Poisonous Vapours        Pois/Air       #.....       10%         2
 Searing Ray              Conj           #.....       10%         2
 Slow                     Hex            #.......     10%         2
 Sublimation of Blood     Necr           #.........   10%         2
 Wereblood                Tmut           #.......     10%         2
 Call Canine Familiar     Summ           #.......     19%         3
 Confusing Touch          Hex            #.......     19%         3
 Conjure Flame            Conj/Fire      #.......     19%         3
 Dazzling Flash           Conj/Hex       #.....       19%         3
 Frozen Ramparts          Ice            #.....       19%         3
 Ignite Poison            Fire/Tmut/Pois #.......     19%         3
 Inner Flame              Hex/Fire       #.......     19%         3
 Mephitic Cloud           Conj/Pois/Air  #.......     19%         3
 Ozocubu's Armour         Ice            #.......     19%         3
 Spider Form              Tmut/Pois      #.........   19%         3
 Static Discharge         Conj/Air       #.......     19%         3
 Stone Arrow              Conj/Erth      #.....       19%         3
 Summon Guardian Golem    Hex/Summ       #.......     19%         3
 Tukima's Dance           Hex            #.......     19%         3
 Vampiric Draining        Necr           #.........   19%         3
 Iskenderun's Mystic Bla  Conj/Tloc      #.......     24%         4
 Airstrike                Air            #.........   52%         4
 Animate Dead             Necr           #.........   52%         4
 Cause Fear               Hex            #.........   52%         4
 Dispel Undead            Necr           #.......     52%         4
 Fulminant Prism          Conj/Hex       #.........   52%         4
 Hailstorm                Conj/Ice       #.......     52%         4
 Ice Form                 Ice/Tmut       #.......     52%         4
 Leda's Liquefaction      Hex/Erth       #.........   52%         4
 Olgreb's Toxic Radiance  Pois           #.......     52%         4
 Petrify                  Tmut/Erth      #.......     52%         4
 Sticky Flame             Conj/Fire      #.......     52%         4
 Summon Ice Beast         Ice/Summ       #.......     52%         4
 Summon Lightning Spire   Summ/Air       #.......     52%         4
 Summon Forest            Summ/Tloc      #.........   52%         5
 Agony                    Necr           #.......     85%         5
 Alistair's Intoxication  Tmut/Pois      #........    85%         5
 Blade Hands              Tmut           #.........   85%         5
 Bolt of Magma            Conj/Fire/Erth #.........   85%         5
 Borgnjor's Vile Clutch   Necr/Erth      #.........   85%         5
 Excruciating Wounds      Necr           #.........   85%         5
 Fireball                 Conj/Fire      #.........   85%         5
 Iskenderun's Battlesphe  Conj           #.......     85%         5
 Lee's Rapid Deconstruct  Erth           #.........   85%         5
 Lightning Bolt           Conj/Air       #.........   85%         5
 Metabolic Englaciation   Hex/Ice        #.........   85%         5
 Silence                  Hex/Air        #.........   85%         5
 Summon Demon             Summ           #.........   85%         5
 Summon Mana Viper        Hex/Summ       #.......     85%         5
 Yara's Violent Unravell  Hex/Tmut       #.........   85%         5
 Conjure Ball Lightning   Conj/Air       #.........   100%        6
 Death Channel            Necr           #.........   100%        6
 Eringya's Noxious Bog    Tmut/Pois      #.........   100%        6
 Freezing Cloud           Conj/Ice/Air   #.........   100%        6
 Hydra Form               Tmut           #.........   100%        6
 Invisibility             Hex            #.......     100%        6
 Iron Shot                Conj/Erth      #.........   100%        6
 Shadow Creatures         Summ           N/A          100%        6
 Simulacrum               Ice/Necr       #.........   100%        6
 Statue Form              Tmut/Erth      #........    100%        6
 Dragon Form              Tmut           #.........   100%        7
 Malign Gateway           Summ/Tloc      #.........   100%        7
 Monstrous Menagerie      Summ           #.........   100%        7
 Orb of Destruction       Conj           #.........   100%        7
 Spellforged Servitor     Conj/Summ      #.........   100%        7
 Summon Greater Demon     Summ           #.........   100%        7
 Summon Hydra             Summ           #.........   100%        7
 Chain Lightning          Conj/Air       #.........   100%        8
 Discord                  Hex            #.........   100%        8
 Lehudib's Crystal Spear  Conj/Erth      #.........   100%        8
 Summon Horrible Things   Summ           #.........   100%        8
 Absolute Zero            Ice            #.........   100%        9
 Dragon's Call            Summ           #.........   100%        9
 Fire Storm               Conj/Fire      #.........   100%        9
 Tornado                  Air            #.........   100%        9
 Passage of Golubria      Tloc           Unusable     N/A         4

Dungeon Overview and Level Annotations

Branches:
Dungeon (15/15)            Temple (0/1) D:7            Lair (6/6) D:9
  Swamp (4/4) Lair:2        Snake (4/4) Lair:2        Slime (5/5) Lair:6
    Orc (2/2) D:9             Elf (3/3) Orc:2        Vaults (5/5) D:13
  Crypt (3/3) Vaults:3       Tomb (2/3) Crypt:3      Depths (5/5) D:15
   Hell (visited)             Dis (7/7) Hell            Geh (7/7) Hell
    Coc (7/7) Hell            Tar (7/7) Hell            Zot (5/5) Depths:5
Ossuary (visited)           IceCv (visited)         Volcano (visited)

Altars:
Ashenzari
Cheibriados
Elyvilon
Gozag
Hepliaklqana
Kikubaaqudgha
Nemelex Xobeh
Qazlal
Ru
Sif Muna
Trog
Vehumet
Zin
The Shining One
Beogh
Jiyva

Shops:
D:8 [   D:11 [   D:13 *   Orc:1 (   Orc:2 *?*:   Elf:1 !   Elf:3 *[   Lair:2 *(
Lair:5 [   Snake:1 *}==:   Snake:4 [=   Vaults:1 :[(*   Vaults:4 [   Depths:2 =
Depths:4 !*   Depths:5 ::

Portals:
Hell: Depths:1 Depths:2 Depths:3 Depths:4 Depths:5
Abyss: Depths:4 Depths:5
Pandemonium: Depths:3 Depths:4 Depths:5
Ziggurat: Depths:3

Annotations:
Zot:1 2 transporters, Abbuituj's ghost, legendary MfTm


Innate Abilities, Weirdness & Mutations

You reflexively headbutt those who attack you in melee.
You have a pair of horns on your head.
Scrolls take you longer to read.
You are dopey. (Int -2)
Your flesh is almost immune to the effects of heat. (rF+++)
Your magical capacity is very low. (-20% MP)
You are covered in fur. (AC +1)
Potions are less effective at restoring your health.


Message History

There is a stone staircase leading up here.
You climb upwards.
There is a stone staircase leading down here.
There is a stone staircase leading up here.
You climb upwards.
There is a stone staircase leading down here.
There is a stone staircase leading up here.
You climb upwards.
HP restored.
There is a stone staircase leading down here.
(D) Dungeon (T) Temple (L) Lair (S) Swamp (P) Snake Pit (M) Slime Pits (O) Orcish Mines (E) Elven Halls (V) Vaults (C) Crypt (W) Tomb (U) Depths (H) Hell (I) Dis (G) Gehenna (X) Cocytus (Y) Tartarus (Z) Zot
Where to? (Enter - D:1, ? - help) You're already here!
You see here a +0 dagger.
There is a staircase leading out of the dungeon here.
You can't go down here!
You have escaped!

.........>.......#.##.#
#####.)........###.##.#
...)...........# #.##.#
..###.#####..#.###.##.# ..#
#.###...###...###.# ..#
#.#.............#(########### ..#
#.#.............#............ ..#
#....###...###....##########. ..#
#....#......@#....#### #.
..###....#.......#.......# #.
..'...#.............#....# #.
..###.#......#......#....#######.
..# #.#.............#............
..# #....#.......#.......###.###.
### #....#>......#.......# #.# #.
#....###...###.......# ### #.
#.#.............#....# #.


There were no monsters in sight!

Vanquished Creatures
  Cerebov (Pan)
  Antaeus (Coc:7)
  Asmodeus (Geh:7)
  Dissolution (Slime:5)
  Ereshkigal (Tar:7)
  Gloorx Vloq (Pan)
  the Royal Jelly (Slime:5)
  the Serpent of Hell (Dis:7)
  2 seraphim
  Mnoleg (Pan)
  Dispater (Dis:7)
  Lom Lobon (Pan)
  5 orbs of fire
  Mennas (Pan)
  7 ancient liches
  13 pandemonium lords
  Boris (Crypt:2)
  6 greater mummies
  Frederick (Crypt:2)
  6 shard shrikes
  the Lernaean hydra (Swamp:4)
  Margery (Vaults:4)
  Bai Suzhen (Elf:3)
  5 caustic shrikes (Depths:5)
  10 Killer Klowns
  Vashnia (Snake:3)
  6 curse toes
  Geryon (Hell)
  Nikola (Elf:3)
  the Enchantress (Depths:4)
  Jory (Vaults:2)
  15 golden dragons
  48 Tzitzimimeh
  22 bone dragons
  3 profane servitors
  A hellephant (Abyss:3)
  16 doom hounds
  5 electric golems
  47 Brimstone Fiends
  25 tentacled monstrosities
  5 iron giants
  Jorgrun (Snake:2)
  14 Hell Sentinels
  21 Ice Fiends
  27 Orb Guardians
  2 deep elf blademasters (Elf:3)
  Asterion (Elf:2)
  14 quicksilver dragons
  8 titans
  Murray (Depths:2)
  18 liches
  The ghost of Miduin the Bludgeoner, an adept TeSu of Okawaru (Vaults:4)
  11 sphinxes
  16 tentacled starspawn
  17 ancient champions
  22 acid blobs
  8 death cobs
  The ghost of Rywnuynonna the Peltast, an adept HuWn of Kikubaaqudgha (Snake:3)
  3 thorn hunters
  37 Executioners
  Kirke (Snake:3)
  30 shadow dragons
  6 draconian monks
  24 storm dragons
  Donald (Snake:3)
  9 azure jellies
  Roxanne (Elf:1)
  A storm dragon (shapeshifter) (Depths:2)
  12 nagarajas
  6 tengu reavers
  5 revenants
  11 iron dragons
  11 draconian knights
  11 vault wardens
  Louise (Depths:5)
  13 fire giants
  13 black suns
  Aizul (Snake:2)
  20 frost giants
  11 ghost moths
  2 orc warlords
  44 balrugs
  12 warmongers
  15 corrupters (Pan)
  14 daevas
  5 draconian scorchers
  5 deep elf sorcerers (Elf:3)
  27 cacodemons
  6 draconian stormcallers
  99 reapers
  7 draconian shifters
  21 angels
  5 deep elf elementalists
  4 curse skulls
  30 stone giants
  10 ghouls
  16 ironheart preservers
  4 spriggan defenders
  23 war gargoyles
  14 draconian annihilators
  14 blood saints (Pan)
  5 elemental wellsprings (Coc:7)
  19 black draconians
  22 apis (Pan)
  21 lorocyprocas
  38 very ugly things
  15 vampire knights
  22 ophanim (Pan)
  6 deep elf demonologists
  15 green draconians
  8 bennus
  17 red draconians
  11 deep elf annihilators
  23 purple draconians
  12 white draconians
  A spectral titan (Vaults:4)
  10 deep elf death magi
  The ghost of Ackot the Blinker, a journeyman SpAE of Dithmenos (Snake:3)
  The ghost of Wahir the Blinker, a journeyman SpAE of Dithmenos (Snake:3)
  9 yellow draconians
  5 spark wasps
  39 green deaths
  A spectral quicksilver dragon (Vaults:4)
  A crystal guardian (Vaults:4)
  7 eidola
  38 blizzard demons
  16 ettins
  7 death oozes
  7 statues (Depths:3)
  11 mummy priests
  An ettin (shapeshifter) (Vaults:5)
  12 deep elf high priests
  11 jiangshi
  8 quicksilver dragon zombies
  15 fire dragons
  8 rakshasas
  21 great orbs of eyes
  41 vault guards
  26 yaktaur captains
  8 quicksilver dragon skeletons
  3 kraken zombies
  17 monstrous demonspawn (Pan)
  7 hell beasts
  34 hydras
  4 ghost crabs
  Fannar (D:10)
  19 ice dragons
  3 catoblepae
  18 naga warriors
  A spectral stone giant (Vaults:4)
  2 shambling mangroves
  A spectral fire giant (Vaults:4)
  12 anacondas
  3 juggernaut simulacra
  9 spriggan air magi
  12 deep troll shamans
  74 two-headed ogres
  7 death knights
  26 dancing weapons
  18 centaur warriors
  6 tengu warriors
  14 alligators
  28 death scarabs
  24 ogre magi
  10 deep troll earth magi
  41 hell hogs
  17 naga sharpshooters
  2 orc high priests
  13 vampire magi
  21 thrashing horrors
  9 shock serpents
  13 titan zombies
  A spriggan berserker (Depths:4)
  Sonja (Lair:6)
  A spectral storm dragon (Vaults:4)
  7 storm dragon zombies
  9 iron golems
  10 titan skeletons
  94 sun demons
  58 soul eaters
  22 deep elf knights
  15 wretched stars
  174 skeletal warriors
  A fire crab (D:15)
  23 shadow wraiths
  A quicksilver dragon simulacrum (Coc:7)
  69 hell knights
  15 iron trolls
  26 small abominations
  A spriggan druid (Swamp:2)
  6 storm dragon skeletons
  5 gelid demonspawn (Pan)
  A death drake (shapeshifter) (Vaults:4)
  40 sixfirhies
  31 deep trolls
  7 salamander mystics
  18 anaconda zombies
  2 spatial maelstroms (Abyss:4)
  7 ghost moth zombies
  10 infernal demonspawn
  18 cherubim (Pan)
  A spark wasp zombie (Depths:2)
  An orange crystal statue (Elf:2)
  17 wizards
  4 golden dragon zombies
  10 swamp dragons
  7 starcursed masses (Abyss:4)
  3 glowing orange brains
  5 death drakes
  21 flayed ghosts
  9 naga ritualists
  2 swamp dragons (shapeshifter)
  14 shadow dragon zombies
  55 shadow demons
  6 unseen horrors
  2 tengu zombies
  4 lindwurms (Snake:4)
  19 torturous demonspawn
  19 deep elf archers
  44 phantasmal warriors
  An iron giant skeleton (Crypt:1)
  A lindwurm (shapeshifter) (Vaults:5)
  5 wolf spiders
  20 ironbrand convokers
  16 orc knights
  10 golden dragon skeletons
  26 necromancers
  12 anaconda skeletons
  7 wolf spider zombies
  A harpy (Vaults:1)
  9 mana vipers
  32 moths of wrath
  2 shining eyes
  40 ugly things
  4 orc sorcerers
  75 deep elf magi
  7 stone giant zombies
  9 iron dragon zombies
  A cyclops (shapeshifter) (Abyss:4)
  2 sphinx skeletons (Crypt:2)
  7 salamanders
  A shining eye (shapeshifter) (Depths:3)
  A tengu skeleton (Depths:3)
  2 moths of wrath (shapeshifter)
  2 shock serpent zombies
  15 frost giant zombies
  3 manticores
  6 shadow dragon skeletons
  13 cyclopes
  8 frost giant skeletons
  40 black mambas
  19 fire giant zombies
  3 elephants (Lair:4)
  10 stone giant skeletons
  3 worldbinders
  34 rust devils
  8 fire giant skeletons
  5 iron dragon skeletons
  4 eyes of devastation
  5 toenail golems (Volcano)
  21 vault sentinels
  11 ice statues
  A guardian serpent (shapeshifter) (Vaults:3)
  67 smoke demons
  35 cane toads
  7 dire elephant zombies
  4 shock serpent skeletons
  8 guardian serpents
  24 orange demons
  A gargoyle (D:15)
  24 naga magi
  15 molten gargoyles
  2 storm dragon simulacra (Vaults:3)
  2 apocalypse crabs
  A yellow draconian zombie (Tar:7)
  An alligator snapping turtle skeleton (Crypt:1)
  5 emperor scorpion zombies
  59 hellions
  8 dire elephant skeletons
  6 human zombies
  65 freezing wraiths
  47 yaktaurs
  33 demonic crawlers
  5 catoblepas zombies
  8 komodo dragons
  3 yaktaur zombies
  An anaconda simulacrum (Coc:7)
  2 rime drakes (Lair:6)
  58 ice devils
  3 black draconian zombies
  A kobold demonologist (D:14)
  20 efreet
  56 tormentors
  13 ancient zymes
  20 hellwings
  7 harpy zombies
  3 tengu conjurers
  3 catoblepas skeletons
  A spectral deep troll (Vaults:4)
  63 red devils
  4 silent spectres
  7 trolls
  A minotaur skeleton (Geh:2)
  A shadow dragon simulacrum (Vaults:4)
  A red draconian skeleton (Geh:4)
  17 hydra zombies
  A jumping spider (shapeshifter) (D:15)
  3 merfolk (shapeshifter)
  A queen bee (Abyss:5)
  14 hornets
  A polar bear (shapeshifter) (Depths:3)
  17 guardian mummies
  20 raiju
  16 polar bears
  4 meliai (Abyss:5)
  A hornet (shapeshifter) (D:15)
  A blink frog (shapeshifter) (Vaults:4)
  2 spriggan zombies (Hell)
  5 harpy skeletons
  5 alligator zombies
  134 slime creatures
  10 tyrant leeches
  11 ettin zombies
  14 hydra skeletons
  9 fire dragon zombies
  7 ice dragon zombies
  3 iron dragon simulacra
  A hippogriff (shapeshifter) (Depths:5)
  13 bog bodies
  3 fire giant simulacra
  2 meliai zombies
  A sphinx simulacrum (Vaults:3)
  39 blink frogs
  9 hippogriffs
  A deep troll zombie (Hell)
  129 large abominations
  A tarantella (shapeshifter) (Vaults:3)
  232 flying skulls
  3 stone giant simulacra
  5 air elementals
  8 fire dragon skeletons
  16 ettin skeletons
  15 spriggans
  47 ynoxinuls
  3 wyverns
  5 redbacks (D:15)
  2 black mamba zombies
  6 ice dragon skeletons
  50 shadows
  15 water elementals
  57 wraiths
  34 yaks
  6 alligator skeletons
  4 black mamba skeletons
  A vampire (D:14)
  45 fire elementals
  3 basilisks
  A hog (Snake:3)
  14 golden eyes
  7 ushabtiu
  Grum (D:8)
  2 elf skeletons
  46 neqoxecs
  60 chaos spawn
  A spatial vortex (Abyss:4)
  15 swamp worms
  31 vampire mosquitoes
  33 insubstantial wisps
  2 merfolk zombies
  An infernal demonspawn zombie (Dis:7)
  A glowing shapeshifter zombie (Crypt:2)
  6 wargs
  7 acid dragons
  37 nagas
  A soldier ant (shapeshifter) (Depths:2)
  14 water moccasins
  2 ogre skeletons
  7 porcupines
  A torturous demonspawn skeleton (Crypt:1)
  A hydra simulacrum (Coc:3)
  140 hell hounds
  2 floating eyes (Elf:1)
  50 orc warriors
  2 black bears (D:8)
  4 cane toad zombies
  A merfolk skeleton (Geh:5)
  5 snapping turtle zombies
  2 gelid demonspawn skeletons
  2 alligator simulacra (Hell)
  6 ice beasts
  9 phantoms
  21 boggarts
  2 ettin simulacra
  8 eyes of draining
  15 swamp drakes
  A black bear (shapeshifter) (Vaults:3)
  65 ogres
  An eye of draining (shapeshifter) (Vaults:2)
  2 manticore zombies
  2 sky beasts
  A boggart (shapeshifter) (Vaults:3)
  3 cane toad skeletons
  45 necrophages
  4 centaurs (Depths:1)
  4 swamp dragon zombies
  41 wolves
  A swamp dragon skeleton (Tar:6)
  16 crocodiles
  4 human skeletons
  7 snapping turtle skeletons
  3 manticore skeletons
  A draconian zombie (Crypt:3)
  6 big kobolds
  2 wyvern zombies
  30 bullfrogs
  A draconian skeleton (Crypt:2)
  A gnoll sergeant (D:7)
  A deep troll simulacrum (Vaults:4)
  An earth elemental (Elf:2)
  A cane toad simulacrum (Hell)
  5 scorpions
  A shapeshifter zombie (Crypt:2)
  7 killer bees
  A spectral wolf (Depths:2)
  98 wights
  A warg skeleton (Crypt:3)
  2 electric eels
  7 centaur zombies
  23 crimson imps
  A howler monkey (D:13)
  2 yaktaur simulacra
  26 orc priests
  13 quasits
  10 centaur skeletons
  A bullfrog skeleton (D:12)
  7 hounds
  4 jellies
  32 orc wizards
  53 iron imps
  6 iguanas
  5 lightning spires (Zot:1)
  8 worker ants
  11 hell rats
  A big kobold zombie (Crypt:2)
  A deep dwarf zombie (Crypt:3)
  3 naga zombies
  A crocodile skeleton (Crypt:2)
  A deep dwarf skeleton (Crypt:1)
  2 human simulacra (Coc:7)
  A naga skeleton (Geh:5)
  A hound skeleton (D:10)
  The ghost of glosham the Sneak, a weakling FeDe (Lair:2)
  38 mummies
  A worker ant zombie (Crypt:3)
  Robin (D:2)
  7 gnolls
  10 adders
  A steam dragon skeleton (Crypt:1)
  A steam dragon zombie (Crypt:3)
  A swamp drake skeleton (Crypt:1)
  29 shadow imps
  35 white imps
  8 ufetubi
  An ooze (D:1)
  A halfling skeleton (Crypt:3)
  2 adder skeletons
  An adder zombie (D:9)
  3 dart slugs
  3 leopard geckos
  129 orcs
  5 giant cockroaches
  14 goblins
  9 hobgoblins
  12 jackals
  2 ball pythons
  11 bats
  7 frilled lizards
  2 gnoll skeletons (Ossuary)
  3 hobgoblin zombies
  17 kobolds
  4 kobold skeletons (Ossuary)
  A kobold zombie (D:8)
  A leopard gecko zombie (D:7)
  3 orc skeletons
  2 orc zombies
  A quokka skeleton (D:4)
  9 rats
  13 rat skeletons
  3 briar patches (Swamp:2)
  2 crawling corpses (Elf:3)
  5 fire vortices
  A fungus (Lair:4)
  3 plants (Lair:6)
  10 starspawn tentacles
  6 tentacles
6788 creatures vanquished.

Vanquished Creatures (collateral kills)
  A greater mummy (Tomb:2)
  A bennu (Tomb:1)
  2 mummy priests (Tomb:2)
  2 death scarabs (Tomb:2)
  3 guardian mummies (Tomb:2)
  2 flying skulls (Tomb:2)
  3 ushabtiu
  5 mummies (Tomb:2)
19 creatures vanquished.

Vanquished Creatures (others)
  A pandemonium lord (D:13)
  2 black draconians (Zot:1)
  A deep elf annihilator (Pan)
  3 blizzard demons (Pan)
  3 dancing weapons
  A shadow dragon zombie (Geh:1)
  A glowing orange brain (Pan)
  A wizard (Pan)
  A moth of wrath (Zot:1)
  A bog body (Swamp:4)
  A flying skull (Coc:7)
  A neqoxec (Pan)
  A vampire mosquito (Swamp:4)
  A chaos spawn (Pan)
  A wolf (IceCv)
  2 necrophages
  2 boggarts
  A small abomination (D:13)
  2 wights (Dis:5)
  A crimson imp (Geh:7)
  An iron imp (Dis:7)
  An orc wizard (Vaults:4)
  2 mummies (Tomb:2)
  8 ball lightnings
  2 blocks of ice (Pan)
  A briar patch (Swamp:2)
  A crawling corpse (Elf:3)
  A fire vortex (Depths:3)
  16 fungi
  2 lurking horrors
  57 plants
  17 starspawn tentacles
  12 tentacles
  3 withered plants (Snake:3)
152 creatures vanquished.

Grand Total: 6959 creatures vanquished

Notes
Turn   | Place    | Note
-------+----------+-------------------------------------------
     0 | D:1      | Infinimo the Minotaur Fighter began the quest for the Orb.
     0 | D:1      | Reached XP level 1. HP: 19/19 MP: 0/0
   207 | D:1      | Reached XP level 2. HP: 23/27 MP: 1/1
   534 | D:1      | Reached XP level 3. HP: 33/33 MP: 2/2
  1062 | D:2      | Noticed Robin
  1110 | D:2      | Killed Robin
  1616 | D:2      | Reached XP level 4. HP: 36/41 MP: 3/3
  1961 | D:3      | Found an opulent altar of Gozag.
  2034 | D:3      | Became a worshipper of Gozag Ym Sagoz the Greedy
  2161 | D:3      | Found a faded altar of an unknown god.
  2517 | D:3      | Reached XP level 5. HP: 45/47 MP: 4/4
  2544 | D:3      | Found a snail-covered altar of Cheibriados.
  2802 | D:4      | Noticed an ogre
  2827 | D:4      | Killed an ogre
  2827 | D:4      | Reached skill level 5 in Fighting
  2827 | D:4      | Reached skill level 5 in Shields
  2958 | D:4      | Reached skill level 5 in Armour
  2981 | D:4      | Reached XP level 6. HP: 56/56 MP: 5/5
  3325 | D:5      | Entered Level 5 of the Dungeon
  3529 | D:5      | Reached skill level 5 in Maces & Flails
  3529 | D:5      | Reached XP level 7. HP: 62/62 MP: 6/6
  3685 | D:5      | Found a sacrificial altar of Ru.
  3952 | D:5      | Found a glowing golden altar of the Shining One.
  4065 | D:6      | Found a stormy altar of Qazlal.
  4264 | D:6      | Found an ancient bone altar of Kikubaaqudgha.
  4299 | D:6      | Found a shattered altar of Ashenzari.
  4440 | D:6      | Found a white marble altar of Elyvilon.
  4559 | D:6      | Found a shimmering blue altar of Sif Muna.
  4846 | D:7      | Reached XP level 8. HP: 71/71 MP: 7/7
  5024 | D:7      | Noticed a hippogriff
  5033 | D:7      | Killed a hippogriff
  5081 | D:6      | Found a sparkling altar of Nemelex Xobeh.
  5183 | D:7      | Found a staircase to the Ecumenical Temple.
  5704 | D:8      | Found Gadot's Armour Boutique.
  5773 | D:8      | Found a sand-covered staircase.
  5783 | Ossuary  | Entered an ossuary
  6045 | Ossuary  | Reached XP level 9. HP: 68/81 MP: 8/8
  6326 | D:8      | Found a bloodstained altar of Trog.
  6415 | D:9      | Noticed Grum
  6497 | D:8      | Killed Grum
  6723 | D:9      | Found a staircase to the Lair.
  7314 | D:9      | Found a roughly hewn altar of Beogh.
  7314 | D:9      | Found a staircase to the Orcish Mines.
  7456 | D:9      | You fall into a shaft and drop 1 floor!
  7456 | D:10     | Entered Level 10 of the Dungeon
  7473 | D:10     | Reached XP level 10. HP: 75/91 MP: 9/9
  7879 | D:10     | Noticed Fannar
  7902 | D:10     | Killed Fannar
  8010 | D:10     | Reached skill level 10 in Fighting
  8010 | D:10     | Reached skill level 10 in Shields
  8179 | D:10     | Reached skill level 10 in Armour
  8600 | D:11     | Noticed a cyclops
  8620 | D:11     | Killed a cyclops
  8696 | D:11     | Reached skill level 10 in Maces & Flails
  9077 | D:11     | Found a hazy altar of Hepliaklqana.
  9077 | D:11     | Noticed an eight-headed hydra
  9098 | D:11     | Killed an eight-headed hydra
  9338 | D:11     | Reached XP level 11. HP: 82/101 MP: 10/10
  9460 | D:11     | Found Baama's Antique Armour Emporium.
  9465 | D:11     | Bought a steaming scale mail for 279 gold pieces
  9475 | D:11     | Identified the +1 scale mail "Lasy" {+Fly rC+ Dex+4 Stlth+}
                  | (You bought it in a shop on level 11 of the Dungeon)
  9478 | D:11     | Bought a pair of gloves for 139 gold pieces
  9816 | Lair:1   | Entered Level 1 of the Lair of Beasts
  9860 | Lair:1   | Found a dark tunnel.
  9998 | Volcano  | Entered a volcano
 10000 | Volcano  | Noticed a wizard
 10027 | Volcano  | Killed a wizard
 10107 | Volcano  | Noticed a wizard
 10114 | Volcano  | Killed a wizard
 10129 | Volcano  | Noticed a wizard
 10133 | Volcano  | Killed a wizard
 10147 | Volcano  | Noticed a wizard
 10156 | Volcano  | Killed a wizard
 10188 | Volcano  | Noticed a wizard
 10199 | Volcano  | Killed a wizard
 10279 | Volcano  | Noticed a +2 mace of flaming
 10314 | Volcano  | Killed a +2 mace of flaming
 11320 | Lair:2   | Noticed a five-headed hydra
 11326 | Lair:2   | Found a staircase to the Snake Pit.
 11369 | Lair:2   | Killed a five-headed hydra
 11369 | Lair:2   | Reached XP level 12. HP: 83/112 MP: 11/11
 11578 | Lair:2   | Found a frozen archway.
 11588 | IceCv    | Entered an ice cave
 12416 | IceCv    | Noticed a frost giant
 12476 | IceCv    | Killed a frost giant
 12842 | Lair:2   | Found a runed translucent door.
 12857 | Lair:2   | Identified the +6 trident of a Labyrinth {vorpal, rF+}
 12858 | Lair:2   | Noticed glosham's ghost (weakling FeDe)
 12917 | Lair:2   | Noticed a six-headed hydra
 12945 | Lair:2   | Killed a six-headed hydra
 13207 | Lair:2   | Found a staircase to the Swamp.
 13541 | Lair:2   | Killed glosham's ghost
 13559 | Lair:2   | Reached XP level 13. HP: 72/122 MP: 12/12
 13676 | Lair:2   | Bought the +8 autumn katana {vorpal, Clar} for 1125 gold
                  | pieces
 13676 | Lair:2   | Found the +8 autumn katana {vorpal, Clar}
 13681 | Lair:2   | Bought an embroidered scarf for 184 gold pieces
 13681 | Lair:2   | Bought a scroll of teleportation for 69 gold pieces
 13715 | Lair:2   | Reached skill level 1 in Long Blades
 14406 | Lair:3   | Reached skill level 5 in Long Blades
 15932 | Lair:5   | Reached skill level 10 in Long Blades
 16644 | Lair:6   | Entered Level 6 of the Lair of Beasts
 16649 | Lair:5   | Bought a pair of runed boots for 285 gold pieces
 16649 | Lair:5   | Bought a pair of embroidered boots for 285 gold pieces
 16649 | Lair:5   | Bought an embroidered cloak for 285 gold pieces
 16688 | Lair:6   | Noticed Sonja
 16844 | Lair:6   | Killed Sonja
 16860 | Lair:6   | Found a viscous altar of Jiyva.
 16860 | Lair:6   | Found a staircase to the Slime Pits.
 17132 | Lair:6   | Reached XP level 14. HP: 91/129 MP: 13/13
 18617 | Orc:1    | Entered Level 1 of the Orcish Mines
 18643 | Orc:1    | You fall into a shaft and drop 1 floor!
 18643 | Orc:2    | Entered Level 2 of the Orcish Mines
 18703 | Orc:2    | Reached skill level 15 in Long Blades
 18713 | Orc:2    | Noticed an orc warlord
 18924 | Orc:1    | Found Xietohau's Antique Weapon Shop.
 18961 | Orc:1    | Found a roughly hewn altar of Beogh.
 19958 | Orc:1    | Killed an orc warlord
 20201 | Orc:2    | Noticed an orc warlord
 20335 | Orc:2    | Reached XP level 15. HP: 110/136 MP: 14/14
 20363 | Orc:2    | Killed an orc warlord
 20538 | Orc:2    | Paralysed by an ogre mage for 5 turns
 20543 | Orc:2    | Found Daruve Puimp's General Store.
 20543 | Orc:2    | Found Waerampu's Magic Scroll Emporium.
 20569 | Orc:2    | Found Peshromao's General Store.
 20569 | Orc:2    | Found Yphot's Book Shop.
 20616 | Orc:2    | Found a staircase to the Elven Halls.
 20712 | Orc:2    | Bought a +1 pair of gloves of strength for 198 gold pieces
 20712 | Orc:2    | Bought a potion of haste for 120 gold pieces
 20713 | Orc:2    | Bought a scroll of acquirement for 520 gold pieces
 20713 | Orc:2    | Bought a potion of haste for 100 gold pieces
 20714 | Orc:2    | Bought a scroll of teleportation for 48 gold pieces
 20714 | Orc:2    | Bought 2 scrolls of teleportation for 96 gold pieces
 20714 | Orc:2    | Bought a scroll of teleportation for 48 gold pieces
 20956 | Orc:2    | Bought a scroll of magic mapping for 56 gold pieces
 20956 | Orc:2    | Acquired the ring "Arobou" {Wiz +Fly Str+8 Slay+3}
 20964 | Orc:2    | Learned a level 2 spell: Swiftness
 21664 | D:13     | Found a gate to the Vaults.
 22152 | D:13     | Noticed a frost giant
 22368 | D:13     | Killed a frost giant
 22409 | D:13     | Noticed a sphinx
 22417 | D:13     | Killed a sphinx
 23462 | D:14     | Identified the cursed +2 spear "Oxtieh" {flame, SInv}
 23892 | Lair:5   | Bought jewelled gold dragon scales for 3230 gold pieces
 23902 | Lair:5   | Identified the +14 gold dragon scales of the Final Artisans
                  | {-Cast rElec rPois rF+ rC+ Str+3 Dex-2} (You bought it in a
                  | shop on level 5 of the Lair of Beasts)
 24145 | D:15     | Entered Level 15 of the Dungeon
 24163 | D:15     | Reached XP level 16. HP: 144/144 MP: 15/15
 24308 | D:15     | Found a glowing golden altar of the Shining One.
 24308 | D:15     | Found a glowing silver altar of Zin.
 24479 | D:15     | Found a staircase to the Depths.
 24559 | D:15     | Found a sparkling altar of Nemelex Xobeh.
 25224 | D:15     | Noticed a storm dragon
 25231 | D:15     | Killed a storm dragon
 25698 | Swamp:1  | Entered Level 1 of the Swamp
 26590 | Swamp:2  | Noticed a thorn hunter
 26603 | Swamp:2  | Killed a thorn hunter
 26678 | Swamp:2  | Reached skill level 15 in Shields
 26715 | Swamp:2  | Noticed a thorn hunter
 26729 | Swamp:2  | Killed a thorn hunter
 26729 | Swamp:2  | Reached XP level 17. HP: 93/154 MP: 16/16
 26819 | Swamp:2  | Reached skill level 15 in Fighting
 26823 | Swamp:2  | Reached skill level 15 in Armour
 28368 | Swamp:4  | Entered Level 4 of the Swamp
 28956 | Swamp:4  | Noticed the 27-headed Lernaean hydra
 28962 | Swamp:4  | Killed the 26-headed Lernaean hydra
 28994 | Swamp:4  | Got a decaying rune of Zot
 29671 | Snake:1  | Entered Level 1 of the Snake Pit
 29679 | Snake:1  | Reached XP level 18. HP: 153/166 MP: 17/17
 29803 | Snake:1  | Found Ilantet's Book Shoppe.
 29993 | Snake:1  | Found Anuist's Jewellery Boutique.
 29994 | Snake:1  | Found Cayqouciesh's Gadget Emporium.
 29994 | Snake:1  | Found Ytsorux's Jewellery Boutique.
 29999 | Snake:1  | Bought the ring "Piocenn" {Fire Slay+6} for 915 gold pieces
 30648 | Snake:1  | Bought a scroll of teleportation for 93 gold pieces
 30648 | Snake:1  | Bought the +2 Maxwell's thermic engine {flame, freeze} for
                  | 1364 gold pieces
 30648 | Snake:1  | Found the +2 Maxwell's thermic engine {flame, freeze}
 30971 | Snake:2  | Noticed Aizul
 30977 | Snake:2  | Killed Aizul
 31002 | Snake:2  | Noticed Jorgrun
 31019 | Snake:2  | Killed Jorgrun
 31507 | Snake:3  | Got a coiled sapphire amulet
 31536 | Snake:3  | Noticed Donald
 31544 | Snake:3  | Killed Donald
 31617 | Snake:3  | Noticed Vashnia
 31635 | Snake:3  | Killed Vashnia
 32217 | Snake:3  | Noticed Kirke
 32488 | Snake:3  | Killed Kirke
 32709 | Snake:3  | Found a runed translucent gate.
 32709 | Snake:3  | Found a runed translucent gate.
 32710 | Snake:3  | Found a runed translucent gate.
 32713 | Snake:3  | Noticed Wahir's ghost (journeyman SpAE)
 32713 | Snake:3  | Noticed Rywnuynonna's ghost (adept HuWn)
 32713 | Snake:3  | Noticed Ackot's ghost (journeyman SpAE)
 33255 | Snake:3  | Killed Rywnuynonna's ghost
 33259 | Snake:3  | Killed Ackot's ghost
 33261 | Snake:3  | Killed Wahir's ghost
 33340 | Snake:3  | Identified the amulet of the Death Scarab {Regen+ Str+3
                  | Dex+4} (You found it on level 3 of the Snake Pit)
 33403 | Snake:4  | Entered Level 4 of the Snake Pit
 33513 | Snake:4  | Reached XP level 19. HP: 176/177 MP: 18/18
 33698 | Snake:4  | Got a serpentine rune of Zot
 34774 | Slime:1  | Entered Level 1 of the Pits of Slime
 35486 | Slime:2  | Found a viscous altar of Jiyva.
 35949 | Slime:3  | Gained mutation: You are weak. (Str -2) [a shining eye]
 35962 | Slime:3  | Paralysed by a great orb of eyes for 2 turns
 36157 | Slime:3  | Reached XP level 20. HP: 133/189 MP: 19/19
 36840 | Slime:5  | Entered Level 5 of the Pits of Slime
 36887 | Slime:5  | Noticed the Royal Jelly
 36897 | Slime:5  | Killed the Royal Jelly
 37355 | Slime:5  | Paralysed by a great orb of eyes for 5 turns
 37356 | Slime:5  | Found the +2 ratskin cloak {+Rats rPois rN+ Str-1 Int-1
                  | Dex+1}
 37505 | Slime:5  | Got a slimy rune of Zot
 37510 | Slime:5  | Identified the Incunabulum of Changing
 37516 | Slime:5  | Identified the Catalogue of Nocuous Changing
 37734 | Slime:5  | Paralysed by a great orb of eyes for 5 turns
 37945 | Slime:5  | Noticed Dissolution
 37957 | Slime:5  | Killed Dissolution
 38856 | Depths:1 | Entered Level 1 of the Depths
 38936 | Depths:1 | Found a gateway to Hell.
 38948 | Depths:1 | Got a jewelled demon blade
 38955 | Depths:1 | Identified the cursed +1 demon blade "Omelette" {vamp,
                  | Dex+5} (You found it on level 1 of the Depths)
 38962 | Depths:1 | Acquired the amulet "Kelei" {Spirit rC++ Slay+5}
 39553 | Depths:1 | Reached XP level 21. HP: 193/199 MP: 20/20
 40597 | Depths:2 | Found Xagarowk's Jewellery Shop.
 40883 | Depths:2 | Found an ancient bone altar of Kikubaaqudgha.
 40898 | Depths:2 | Paralysed by something for 7 turns
 41102 | Depths:2 | Paralysed by a vampire knight for 2 turns
 42657 | Depths:2 | Identified Ohyes's Almanac of Necromancy
 42712 | Depths:3 | Found a portal to a secret trove of treasure.
 42760 | Depths:3 | Reached XP level 22. HP: 144/211 MP: 17/21
 43039 | Depths:3 | Found a gateway to a ziggurat.
 43136 | Depths:3 | Gained mutation: You are dopey. (Int -2) [a shining eye]
 43695 | Depths:3 | Found a one-way gate leading to the halls of Pandemonium.
 44013 | Depths:3 | Lost mutation: You are weak. (Str -2) [potion of mutation]
 44013 | Depths:3 | Lost mutation: You are dopey. (Int -2) [potion of mutation]
 44013 | Depths:3 | Gained mutation: Potions are less effective at restoring
                  | your health. [potion of mutation]
 44013 | Depths:3 | Gained mutation: Your magical capacity is low. (-10% MP)
                  | [potion of mutation]
 44013 | Depths:3 | Gained mutation: You do not regenerate when monsters are
                  | visible. [potion of mutation]
 44013 | Depths:3 | Gained mutation: Your muscles are strong. (Str +2) [potion
                  | of mutation]
 44014 | Depths:3 | Lost mutation: Your magical capacity is low. (-10% MP)
                  | [potion of mutation]
 44014 | Depths:3 | Lost mutation: Your muscles are strong. (Str +2) [potion of
                  | mutation]
 44014 | Depths:3 | Gained mutation: You are resistant to hostile enchantments.
                  | (MR+) [potion of mutation]
 44014 | Depths:3 | Gained mutation: You evolve. [potion of mutation]
 44014 | Depths:3 | Gained mutation: You are dopey. (Int -2) [potion of
                  | mutation]
 44014 | Depths:3 | Gained mutation: You have large cloven feet. [potion of
                  | mutation]
 44015 | Depths:3 | Lost mutation: You evolve. [potion of mutation]
 44015 | Depths:3 | Lost mutation: You are resistant to hostile enchantments.
                  | (MR+) [potion of mutation]
 44015 | Depths:3 | Gained mutation: You occasionally shout uncontrollably at
                  | your foes. [potion of mutation]
 44015 | Depths:3 | Lost mutation: You have large cloven feet. [potion of
                  | mutation]
 44015 | Depths:3 | Gained mutation: You are robust. (+10% HP) [potion of
                  | mutation]
 44016 | Depths:3 | Lost mutation: You are dopey. (Int -2) [potion of mutation]
 44016 | Depths:3 | Lost mutation: You occasionally shout uncontrollably at
                  | your foes. [potion of mutation]
 44016 | Depths:3 | Lost mutation: You are robust. (+10% HP) [potion of
                  | mutation]
 44016 | Depths:3 | Gained mutation: You are agile. (Dex +2) [potion of
                  | mutation]
 44016 | Depths:3 | Gained mutation: You are resistant to electric shocks.
                  | (rElec) [potion of mutation]
 44016 | Depths:3 | Gained mutation: You are partially covered in molten
                  | scales. (AC +2) [potion of mutation]
 44017 | Depths:3 | Lost mutation: You are resistant to electric shocks.
                  | (rElec) [potion of mutation]
 44017 | Depths:3 | Lost mutation: You are agile. (Dex +2) [potion of mutation]
 44017 | Depths:3 | Gained mutation: You are weak. (Str -2) [potion of
                  | mutation]
 44017 | Depths:3 | Gained mutation: You are robust. (+10% HP) [potion of
                  | mutation]
 44018 | Depths:3 | Lost mutation: You are weak. (Str -2) [potion of mutation]
 44018 | Depths:3 | Gained mutation: You are somewhat resistant to further
                  | mutation. [potion of mutation]
 44019 | Depths:3 | Lost mutation: You do not regenerate when monsters are
                  | visible. [potion of mutation]
 44019 | Depths:3 | Lost mutation: Potions are less effective at restoring your
                  | health. [potion of mutation]
 44019 | Depths:3 | Lost mutation: You are partially covered in molten scales.
                  | (AC +2) [potion of mutation]
 44019 | Depths:3 | Lost mutation: You are somewhat resistant to further
                  | mutation. [potion of mutation]
 44019 | Depths:3 | Gained mutation: You are partially covered in iridescent
                  | scales. (AC +2) [potion of mutation]
 44019 | Depths:3 | Gained mutation: Your flesh is heat resistant. (rF+)
                  | [potion of mutation]
 44019 | Depths:3 | Gained mutation: You are partially covered in thin metallic
                  | scales. (AC +2) [potion of mutation]
 44073 | Depths:3 | Found a radiant altar of Vehumet.
 44353 | Depths:3 | Paralysed by a wizard for 5 turns
 45118 | Depths:4 | Bought a potion of heal wounds for 80 gold pieces
 45118 | Depths:4 | Bought a potion of curing for 48 gold pieces
 45118 | Depths:4 | Bought a potion of heal wounds for 80 gold pieces
 45126 | Depths:4 | Noticed the Enchantress
 45151 | Depths:4 | Reached XP level 23. HP: 58/245 MP: 0/22
 45624 | Depths:4 | Found a one-way gate to the infinite horrors of the Abyss.
 45876 | Depths:4 | Killed the Enchantress
 46374 | Depths:5 | Entered Level 5 of the Depths
 46422 | Depths:5 | Noticed Louise
 46427 | Depths:5 | Killed Louise
 46602 | Depths:5 | Found a shattered altar of Ashenzari.
 46897 | Depths:5 | Found a gate to the Realm of Zot.
 47125 | Depths:5 | Found Gedociass's Book Shoppe.
 47131 | Depths:5 | Found Zoocaana's Book Emporium.
 47313 | Depths:5 | Noticed a caustic shrike
 47313 | Depths:5 | Noticed a caustic shrike
 47313 | Depths:5 | Noticed a caustic shrike
 47313 | Depths:5 | Noticed a caustic shrike
 47313 | Depths:5 | Noticed a caustic shrike
 47316 | Depths:5 | Killed a caustic shrike
 47318 | Depths:5 | Killed a caustic shrike
 47320 | Depths:5 | Killed a caustic shrike
 47323 | Depths:5 | Killed a caustic shrike
 47328 | Depths:5 | Killed a caustic shrike
 48064 | Vaults:1 | Entered Level 1 of the Vaults
 48074 | D:13     | Bought a distressingly furry tower shield for 342 gold
                  | pieces
 48074 | D:13     | Bought a glowing hat for 252 gold pieces
 48074 | D:13     | Bought a potion of heal wounds for 180 gold pieces
 48084 | D:13     | Identified the +9 tower shield "Zicuvon" {+Blink Str-2
                  | Dex-5 SInv} (You bought it in a shop on level 13 of the
                  | Dungeon)
 48109 | D:13     | Bought a scroll of enchant armour for 270 gold pieces
 48149 | Vaults:1 | Identified the +10 arbalest "Vuhomuh" {elec, rF+ rN+ Dex+2}
 48787 | Vaults:1 | Found Kievonas's Book Boutique.
 48790 | Vaults:1 | Found Adochiut's Armour Shop.
 48796 | Vaults:1 | Bought a +2 hat of magic resistance for 315 gold pieces
 49007 | Vaults:1 | Found Yqahe's Weapon Shoppe.
 49133 | Vaults:1 | Found Ucwaqiej's General Store.
 49518 | Vaults:2 | Reached XP level 24. HP: 260/260 MP: 22/22
 49575 | Vaults:2 | Noticed Jory
 49580 | Vaults:2 | Killed Jory
 51268 | Vaults:3 | Found a staircase to the Crypt.
 51902 | Vaults:3 | You fall into a shaft and drop 1 floor!
 52639 | Vaults:4 | Noticed Margery
 52655 | Vaults:4 | Killed Margery
 52945 | Vaults:4 | Reached XP level 25. HP: 275/275 MP: 22/22
 53405 | Vaults:4 | Found a runed translucent gate.
 53405 | Vaults:4 | Found a runed translucent gate.
 53405 | Vaults:4 | Found a runed translucent gate.
 53489 | Vaults:4 | Noticed Miduin's ghost (adept TeSu)
 53511 | Vaults:4 | Killed Miduin's ghost
 53751 | Vaults:4 | Bought a glowing cloak for 300 gold pieces
 54316 | D:15     | Fell from the grace of Gozag
 54316 | D:15     | Became a worshipper of the Shining One
 54568 | Crypt:1  | Entered Level 1 of the Crypt
 54625 | Crypt:1  | Reached * piety under the Shining One
 54806 | Crypt:1  | Reached ** piety under the Shining One
 54901 | Crypt:1  | Reached *** piety under the Shining One
 55265 | Crypt:2  | Reached **** piety under the Shining One
 55333 | Crypt:2  | Reached ***** piety under the Shining One
 55432 | Crypt:2  | Noticed Frederick
 55440 | Crypt:2  | Killed Frederick
 55552 | Crypt:2  | Noticed Boris
 55561 | Crypt:2  | Killed Boris
 56133 | Crypt:3  | Entered Level 3 of the Crypt
 56255 | Crypt:3  | Reached ****** piety under the Shining One
 56495 | Crypt:3  | Found a staircase to the Tomb.
 56589 | Crypt:3  | Reached skill level 27 in Fighting
 57310 | Crypt:3  | Noticed an ancient lich
 57330 | Crypt:3  | Noticed an ancient lich
 57339 | Crypt:3  | Killed an ancient lich
 57343 | Crypt:3  | Killed an ancient lich
 57343 | Crypt:3  | Reached XP level 26. HP: 193/289 MP: 15/22
 57929 | Elf:1    | Entered Level 1 of the Elven Halls
 58043 | Elf:1    | Noticed Roxanne
 58053 | Elf:1    | Killed Roxanne
 58356 | Elf:1    | Found Iczepew's Distillery.
 58381 | Elf:1    | Bought a potion of curing for 33 gold pieces
 58552 | Elf:1    | Paralysed by a floating eye for 2 turns
 58570 | Elf:1    | Paralysed by a floating eye for 2 turns
 58577 | Elf:1    | Paralysed by a floating eye for 2 turns
 58584 | Elf:1    | Paralysed by a floating eye for 3 turns
 58815 | Elf:2    | Found a runed translucent gate.
 58815 | Elf:2    | Found a runed translucent gate.
 58815 | Elf:2    | Found a runed translucent gate.
 59241 | Elf:2    | Noticed Asterion
 59251 | Elf:2    | Killed Asterion
 59574 | Elf:3    | Entered Level 3 of the Elven Halls
 59889 | Elf:3    | Noticed Bai Suzhen
 59896 | Elf:3    | Killed Bai Suzhen
 59916 | Elf:3    | Found Refigry's General Store.
 59927 | Elf:3    | Found Fahe's Armour Boutique.
 60548 | Elf:3    | Noticed Nikola
 60553 | Elf:3    | Killed Nikola
 60698 | Elf:3    | Identified the +4 scale mail of Mehiczuol {rPois Str+3
                  | Int+4 Dex+3}
 60748 | Elf:3    | Gained mutation: Scrolls take you a little longer to read.
                  | [a cacodemon]
 60753 | Elf:3    | Identified the +8 dagger of Veonteuh {drain, rN+ Str+6
                  | Int-5 Stlth+}
 60771 | Elf:3    | Identified the +4 rapier "Nyriw" {drain, *Slow rElec rC+}
 61622 | Depths:3 | You paid a toll of 16 potions of curing to enter a treasure
                  | trove
 61623 | Trove    | Entered a treasure trove
 61641 | Trove    | Got a pair of faintly humming gloves
 61644 | Trove    | Got a pitted kite shield
 61648 | Trove    | Got a pair of scorched boots
 61665 | Trove    | Identified the +2 pair of gloves of Arphol {Str+2} (You
                  | found it in a treasure trove)
 61671 | Trove    | Got a pair of crude gloves
 61682 | Trove    | Identified the +1 pair of gloves of Filth {+Blink rC+
                  | Stlth+} (You found it in a treasure trove)
 61703 | Trove    | Identified the +2 pair of boots "Qihiasin" {-Tele +Fly rF++
                  | rC+++} (You found it in a treasure trove)
 61754 | Trove    | Got a faintly humming plate armour
 61780 | Trove    | Identified the +1 plate armour "Jotui" {Str+9} (You found
                  | it in a treasure trove)
 61804 | Trove    | Identified the +3 kite shield "Gasa" {Harm MR+ Dex+2
                  | Stlth+} (You found it in a treasure trove)
 61840 | Trove    | Got a crude plate armour
 61851 | Trove    | Identified the +3 plate armour "Penillal" {rCorr Int+2}
                  | (You found it in a treasure trove)
 61893 | Hell     | Entered the Vestibule of Hell
 61893 | Hell     | Noticed Geryon
 61949 | Depths:4 | Voluntarily entered the Abyss.
 62084 | Abyss:1  | Found a corrupted altar of Lugonu.
 62100 | Abyss:1  | Found a corrupted altar of Lugonu.
 62657 | Abyss:3  | Found a corrupted altar of Lugonu.
 62729 | Abyss:3  | Found a corrupted altar of Lugonu.
 62976 | Abyss:3  | Found a sacrificial altar of Ru.
 63018 | Abyss:3  | Reached XP level 27. HP: 297/297 MP: 22/22
 63335 | Abyss:4  | Was forgiven by Gozag
 63530 | Abyss:4  | Found a corrupted altar of Lugonu.
 63534 | Abyss:4  | Reached skill level 27 in Shields
 63555 | Abyss:4  | Found a corrupted altar of Lugonu.
 64013 | Abyss:4  | Noticed an ancient lich
 64022 | Abyss:4  | Killed an ancient lich
 64022 | Abyss:4  | Reached skill level 27 in Long Blades
 64118 | Abyss:4  | Gained mutation: You are occasionally teleported next to
                  | monsters. [a neqoxec]
 64119 | Abyss:4  | Gained mutation: You have a somewhat thin skeletal
                  | structure. (Dex +2, Stealth) [a neqoxec]
 64124 | Abyss:4  | Lost mutation: You are robust. (+10% HP) [potion of
                  | mutation]
 64124 | Abyss:4  | Lost mutation: Your flesh is heat resistant. (rF+) [potion
                  | of mutation]
 64124 | Abyss:4  | Lost mutation: Scrolls take you a little longer to read.
                  | [potion of mutation]
 64125 | Abyss:4  | Lost mutation: You are partially covered in iridescent
                  | scales. (AC +2) [potion of mutation]
 64125 | Abyss:4  | Lost mutation: You are occasionally teleported next to
                  | monsters. [potion of mutation]
 64125 | Abyss:4  | Gained mutation: You are robust. (+10% HP) [potion of
                  | mutation]
 64125 | Abyss:4  | Gained mutation: Your muscles are strong. (Str +2) [potion
                  | of mutation]
 64125 | Abyss:4  | Gained mutation: Your mind is acute. (Int +2) [potion of
                  | mutation]
 64140 | Abyss:5  | Entered Level 5 of the Abyss
 64287 | Abyss:5  | Got an abyssal rune of Zot
 64320 | Abyss:5  | Reached skill level 27 in Armour
 64354 | Abyss:5  | Reached skill level 1 in Dodging
 64425 | Depths:4 | Escaped the Abyss
 65004 | Vaults:5 | Entered Level 5 of the Vaults
 65034 | Vaults:4 | Reached skill level 5 in Dodging
 65500 | Vaults:5 | Reached skill level 10 in Dodging
 66019 | Vaults:5 | Reached skill level 15 in Dodging
 66026 | Vaults:5 | Identified the +3 great mace of Suicidal Tendencies {flame,
                  | Str+5}
 66035 | Vaults:5 | Identified the +14 chain mail of Subjectivity {rPois rC-
                  | Int+2 Dex+6}
 66186 | Vaults:5 | Found the amulet of the Air {Inacc +Fly rElec EV+5 RMsl}
 66196 | Vaults:5 | Got a silver rune of Zot
 67192 | Hell     | Noticed Murray
 67735 | Depths:2 | Killed Murray
 68053 | Hell     | Killed Geryon
 68092 | Hell     | Found a gateway to the decaying netherworld of Tartarus.
 68196 | Hell     | Found a gateway to the freezing wastes of Cocytus.
 68294 | Hell     | Found a gateway to the ashen valley of Gehenna.
 68542 | Hell     | Found a gateway to the Iron City of Dis.
 68615 | Tar:1    | Entered Level 1 of Tartarus
 76296 | Tar:7    | Entered Level 7 of Tartarus
 76671 | Tar:7    | Reached skill level 27 in Dodging
 76675 | Tar:7    | Identified the cursed +1 plate armour of Qatownit {rC+ MR+
                  | Str+3} (You found it on level 7 of Tartarus)
 76730 | Tar:7    | Reached skill level 1 in Spellcasting
 76929 | Tar:7    | Noticed Ereshkigal
 77038 | Tar:7    | Reached skill level 5 in Spellcasting
 77314 | Tar:7    | Noticed an ancient lich
 77329 | Tar:7    | Killed an ancient lich
 77657 | Tar:7    | Identified the Incunabulum of the Slug
 77805 | Tar:7    | Killed Ereshkigal
 78014 | Tar:7    | Reached skill level 10 in Spellcasting
 78209 | Tar:7    | Got a bone rune of Zot
 78495 | Geh:1    | Entered Level 1 of Gehenna
 78607 | Geh:1    | Cast into level 2 of the Abyss (hell knight)
 78946 | Abyss:2  | Found a corrupted altar of Lugonu.
 79226 | Geh:1    | Escaped the Abyss
 80295 | Geh:3    | Reached skill level 1 in Unarmed Combat
 80501 | Geh:3    | Reached skill level 5 in Unarmed Combat
 81554 | Geh:4    | Reached skill level 10 in Unarmed Combat
 83255 | Geh:6    | Reached skill level 15 in Unarmed Combat
 84256 | Geh:7    | Entered Level 7 of Gehenna
 85026 | Geh:7    | Identified the +7 sceptre of Asmodeus
 85026 | Geh:7    | Noticed Asmodeus
 85054 | Geh:7    | Killed Asmodeus
 85066 | Geh:7    | Got a translucent lead ring
 85068 | Geh:7    | Got an obsidian rune of Zot
 85077 | Geh:7    | Identified the ring of Hedwof {EV+4 Dex+4} (You found it on
                  | level 7 of Gehenna)
 86256 | Dis:1    | Entered Level 1 of the Iron City of Dis
 86358 | Dis:1    | You fall into a shaft and drop 1 floor!
 87874 | Dis:5    | Lost mutation: You are robust. (+10% HP) [a cacodemon]
 88862 | Dis:7    | Entered Level 7 of the Iron City of Dis
 89355 | Dis:7    | Found the +10 zealot's sword {holy, *Rage rN+ EV+3}
 89964 | Dis:7    | Found the +18 shield of the Gong {rElec rN+ MR+ EV-5}
 90572 | Dis:7    | Identified the +4 staff of Dispater
 90572 | Dis:7    | Noticed Dispater
 90816 | Dis:7    | Noticed the Serpent of Hell
 90831 | Dis:7    | Killed the Serpent of Hell
 90894 | Dis:7    | Killed Dispater
 90925 | Dis:7    | Got an iron rune of Zot
 90926 | Dis:7    | Identified Makar's Tome of the Unstable Entourage
 91557 | Snake:1  | Identified a +3 double sword of holy wrath (a +1 double
                  | sword blessed by the Shining One)
 91557 | Snake:1  | Received a gift from the Shining One
 91935 | Coc:1    | Entered Level 1 of Cocytus
 92067 | Coc:3    | Reached skill level 27 in Unarmed Combat
 92072 | Coc:3    | Reached skill level 1 in Invocations
 92306 | Coc:3    | Reached skill level 5 in Invocations
 92779 | Coc:7    | Entered Level 7 of Cocytus
 93036 | Coc:7    | Reached skill level 10 in Invocations
 93936 | Coc:7    | Noticed Antaeus
 94009 | Coc:7    | Identified the +1 cloak of Fedhas's Favour {rElec rPois rF-
                  | MP+9} (You found it on level 7 of Cocytus)
 94936 | Coc:7    | Reached skill level 15 in Invocations
 95289 | Coc:7    | Killed Antaeus
 95320 | Coc:7    | Got an icy rune of Zot
 95326 | Coc:7    | Identified Sif Muna's Disquisition on Stolen Souls and
                  | Envenoming
 95758 | Pan      | Entered Pandemonium
 95816 | Pan      | Gained mutation: Scrolls take you a little longer to read.
                  | [a cacodemon]
 95835 | Pan      | Lost mutation: Scrolls take you a little longer to read.
                  | [potion of mutation]
 95835 | Pan      | Lost mutation: You are partially covered in thin metallic
                  | scales. (AC +2) [potion of mutation]
 95835 | Pan      | Lost mutation: Your muscles are strong. (Str +2) [potion of
                  | mutation]
 95835 | Pan      | Gained mutation: Armour fits poorly on your strangely
                  | shaped body. [potion of mutation]
 95835 | Pan      | Gained mutation: You are clumsy. (Dex -2) [potion of
                  | mutation]
 95835 | Pan      | Gained mutation: You have a pair of large horns on your
                  | head. [potion of mutation]
 95835 | Pan      | Gained mutation: Your flesh is cold resistant. (rC+)
                  | [potion of mutation]
 95836 | Pan      | Lost mutation: You have a somewhat thin skeletal structure.
                  | (Dex +2, Stealth) [potion of mutation]
 95836 | Pan      | Lost mutation: Armour fits poorly on your strangely shaped
                  | body. [potion of mutation]
 95836 | Pan      | Lost mutation: You are clumsy. (Dex -2) [potion of
                  | mutation]
 95836 | Pan      | Lost mutation: You have a pair of large horns on your head.
                  | [potion of mutation]
 95836 | Pan      | Gained mutation: Your spells are a little harder to cast,
                  | but a little more powerful. [potion of mutation]
 95963 | Pan      | Noticed Dapeillogh the pandemonium lord
 95969 | Pan      | Identified the +1 halberd "Ingezith" {flame, +Rage rElec
                  | rC+ Str-2}
 96726 | Pan      | Killed Dapeillogh the pandemonium lord
 97136 | Pan      | Noticed Quwuwk the pandemonium lord
 97149 | Pan      | Killed Quwuwk the pandemonium lord
 97320 | Pan      | Noticed Mennas
 97333 | Pan      | Killed Mennas
 97530 | Pan      | Gained mutation: You are resistant to hostile enchantments.
                  | (MR+) [a neqoxec]
 99088 | Pan      | Found a runed translucent door.
 99105 | Pan      | Got a demonic rune of Zot
 99391 | Pan      | Gained mutation: You are occasionally teleported next to
                  | monsters. [a neqoxec]
 99930 | Pan      | Lost mutation: Your spells are a little harder to cast, but
                  | a little more powerful. [a neqoxec]
101058 | Pan      | Lost mutation: Your flesh is cold resistant. (rC+) [potion
                  | of mutation]
101058 | Pan      | Lost mutation: Your mind is acute. (Int +2) [potion of
                  | mutation]
101058 | Pan      | Gained mutation: You evolve. [potion of mutation]
101058 | Pan      | Gained mutation: Your flesh is heat resistant. (rF+)
                  | [potion of mutation]
101058 | Pan      | Gained mutation: You rapidly evolve. [potion of mutation]
101147 | Pan      | Noticed Neseg the pandemonium lord
101151 | Pan      | Killed Neseg the pandemonium lord
101185 | Pan      | Gained mutation: You are clumsy. (Dex -2) [a neqoxec]
101791 | Pan      | Identified the Incunabulum of the Frostbite and Stones
102041 | Pan      | Lost mutation: You rapidly evolve. [decline of evolution]
102952 | Pan      | Found a white marble altar of Elyvilon.
103246 | Pan      | Noticed a seraph
103248 | Pan      | Found a glowing golden altar of the Shining One.
103264 | Pan      | Killed a seraph
103703 | Pan      | Found a glowing silver altar of Zin.
104935 | Pan      | Entered the realm of Gloorx Vloq.
104935 | Pan      | Noticed Gloorx Vloq
104943 | Pan      | Killed Gloorx Vloq
105172 | Pan      | Found an exit through the horrors of the Abyss.
105188 | Pan      | Lost mutation: You are clumsy. (Dex -2) [potion of
                  | mutation]
105188 | Pan      | Lost mutation: You are resistant to hostile enchantments.
                  | (MR+) [potion of mutation]
105188 | Pan      | Gained mutation: You are partially covered in thin metallic
                  | scales. (AC +2) [potion of mutation]
105189 | Pan      | Lost mutation: You evolve. [potion of mutation]
105189 | Pan      | Lost mutation: You are occasionally teleported next to
                  | monsters. [potion of mutation]
105189 | Pan      | Gained mutation: Potions are less effective at restoring
                  | your health. [potion of mutation]
105189 | Pan      | Gained mutation: Your flesh is very heat resistant. (rF++)
                  | [potion of mutation]
105189 | Pan      | Gained mutation: Your flesh is almost immune to the effects
                  | of heat. (rF+++) [potion of mutation]
105751 | Pan      | Got a dark rune of Zot
106278 | Pan      | Found a runed translucent door.
106385 | Pan      | Noticed Disim the pandemonium lord
106392 | Pan      | Killed Disim the pandemonium lord
107010 | Pan      | Noticed Alumiu the pandemonium lord
107021 | Pan      | Killed Alumiu the pandemonium lord
107388 | Pan      | Reached skill level 27 in Invocations
107675 | Pan      | Gained mutation: Your spells are a little easier to cast,
                  | but a little less powerful. [a neqoxec]
107676 | Pan      | Gained mutation: Scrolls take you a little longer to read.
                  | [a neqoxec]
107852 | Pan      | Noticed Xitru the pandemonium lord
107859 | Pan      | Killed Xitru the pandemonium lord
108337 | Pan      | Entered the realm of Cerebov.
108810 | Pan      | Identified the +6 sword of Cerebov {flame}
108810 | Pan      | Noticed Cerebov
108860 | Pan      | Got a glittering steel ring
109028 | Pan      | Killed Cerebov
109028 | Pan      | Reached skill level 15 in Spellcasting
109045 | Pan      | Upgraded the game from 0.26-a0-451-gacbe401039 to
                  | 0.26-a0-466-g989023bd0d
109089 | Pan      | Got a fiery rune of Zot
109885 | Pan      | Noticed Sevummeb the pandemonium lord
109898 | Pan      | Killed Sevummeb the pandemonium lord
109943 | Pan      | Found an exit through the horrors of the Abyss.
110596 | Pan      | Entered the realm of Lom Lobon.
110596 | Pan      | Noticed Lom Lobon
110604 | Pan      | Killed Lom Lobon
110689 | Pan      | Got a magical rune of Zot
112314 | Pan      | Noticed Qiustexafu the pandemonium lord
112547 | Pan      | Killed Qiustexafu the pandemonium lord
112777 | Pan      | Gained mutation: Armour fits poorly on your strangely
                  | shaped body. [a cacodemon]
112824 | Pan      | Identified the ring "Heqaocohy" {rElec rC+ Int+3 Dex-5
                  | Stlth-} (You found it in Pandemonium)
112827 | Pan      | Acquired a manual of Translocations
112830 | Pan      | Acquired 870 gold pieces
113025 | Pan      | Identified the +1 robe "Luhois" {rF+++ MP+9 Str+5}
113127 | Pan      | Found an exit through the horrors of the Abyss.
113160 | Pan      | Noticed Daeqa the pandemonium lord
113166 | Pan      | Killed Daeqa the pandemonium lord
113694 | Pan      | Found a huge runed translucent gate.
113696 | Pan      | Found a huge runed translucent gate.
113697 | Pan      | Found a huge runed translucent gate.
113697 | Pan      | Found a huge runed translucent gate.
114169 | Pan      | Found an exit through the horrors of the Abyss.
114493 | Pan      | Found a huge runed translucent gate.
114512 | Pan      | Noticed Wuisy the pandemonium lord
114524 | Pan      | Killed Wuisy the pandemonium lord
114749 | Pan      | Found an exit through the horrors of the Abyss.
114894 | Pan      | Noticed Zoilouwk the pandemonium lord
114900 | Pan      | Killed Zoilouwk the pandemonium lord
115215 | Pan      | Entered the realm of Mnoleg.
115260 | Pan      | Noticed Mnoleg
115275 | Pan      | Killed Mnoleg
115275 | Pan      | Gained mutation: Your magical capacity is low. (-10% MP) [a
                  | cacodemon]
115329 | Pan      | Got a glowing rune of Zot
115369 | Pan      | Gained mutation: Scrolls take you longer to read. [a
                  | neqoxec]
115683 | Pan      | Found an exit through the horrors of the Abyss.
115983 | Pan      | Gained mutation: You are clumsy. (Dex -2) [a neqoxec]
116285 | Pan      | Gained mutation: Your body sometimes deteriorates upon
                  | taking damage. [a neqoxec]
116573 | Pan      | Identified the +8 chain mail of Osumid {rF+ rC- Int+4}
116574 | Pan      | Found an exit through the horrors of the Abyss.
116866 | Pan      | Noticed Nubririo the pandemonium lord
116879 | Pan      | Killed Nubririo the pandemonium lord
117022 | Depths:4 | Escaped Pandemonium
117023 | Depths:4 | Lost mutation: Your body sometimes deteriorates upon taking
                  | damage. [potion of mutation]
117023 | Depths:4 | Lost mutation: Armour fits poorly on your strangely shaped
                  | body. [potion of mutation]
117023 | Depths:4 | Lost mutation: You are clumsy. (Dex -2) [potion of
                  | mutation]
117023 | Depths:4 | Lost mutation: You are partially covered in thin metallic
                  | scales. (AC +2) [potion of mutation]
117023 | Depths:4 | Gained mutation: You are covered in fur. (AC +1) [potion of
                  | mutation]
117023 | Depths:4 | Lost mutation: Your spells are a little easier to cast, but
                  | a little less powerful. [potion of mutation]
117541 | Tomb:1   | Entered Level 1 of the Tomb of the Ancients
117611 | Tomb:1   | Paralysed by a sphinx for 2 turns
118245 | Tomb:1   | Noticed a greater mummy
118250 | Tomb:1   | Killed a greater mummy
118347 | Tomb:1   | Noticed a greater mummy
118359 | Tomb:1   | Killed a greater mummy
118625 | Tomb:1   | Noticed a greater mummy
118630 | Tomb:1   | Killed a greater mummy
119037 | Tomb:2   | Noticed a greater mummy
119038 | Tomb:2   | Noticed a greater mummy
119042 | Tomb:2   | Noticed a greater mummy
119042 | Tomb:2   | Noticed a greater mummy
119061 | Tomb:2   | HP: 11/270 [poisoned by an ushabti (dark miasma)]
119564 | Tomb:2   | Killed a greater mummy
119565 | Tomb:2   | Killed a greater mummy
120033 | Tomb:2   | Killed a greater mummy
120050 | Tomb:1   | Killed a greater mummy
120060 | Tomb:1   | Acquired 2440 gold pieces
120968 | Tomb:1   | Noticed a greater mummy
120968 | Tomb:1   | Noticed a greater mummy
120968 | Tomb:1   | Noticed a greater mummy
120968 | Tomb:1   | Noticed a greater mummy
120970 | Tomb:1   | Noticed a greater mummy
120972 | Tomb:1   | Noticed a greater mummy
120977 | Tomb:1   | HP: 9/273 [greater mummy/divine providence (15)]
122090 | Zot:1    | Entered Level 1 of the Realm of Zot
122123 | Zot:1    | Acquired 840 gold pieces
122361 | Zot:1    | Found a transporter.
122362 | Zot:1    | Identified the +4 war axe of Fatigue {distort, rF+ Int+9}
122371 | Zot:1    | Noticed Abbuituj's ghost (legendary MfTm)
122421 | Zot:1    | Found a transporter.
124181 | Zot:3    | Noticed an orb of fire
124192 | Zot:3    | Killed an orb of fire
124282 | Zot:3    | Found the +0 mask of the Dragon {MR+ Slay+3 SInv}
124317 | Zot:3    | Found a transporter.
124404 | Zot:3    | You fall into a shaft and drop 1 floor!
124510 | Zot:3    | Found the +3 sling "Punk" {acid, rCorr}
124855 | Zot:3    | Found a transporter.
124869 | Zot:3    | Identified Nad Ylic's Primer on Theurgy
125877 | Zot:5    | Entered Level 5 of the Realm of Zot
125905 | Zot:5    | Acquired 1040 gold pieces
126417 | Zot:5    | Noticed an ancient lich
126418 | Zot:5    | Noticed an ancient lich
126439 | Zot:5    | Killed an ancient lich
126448 | Zot:5    | Killed an ancient lich
126464 | Zot:5    | Noticed an orb of fire
126475 | Zot:5    | Killed an orb of fire
126852 | Zot:5    | Noticed an orb of fire
126865 | Zot:5    | Noticed an orb of fire
126866 | Zot:5    | Gained mutation: Your magical capacity is very low. (-20%
                  | MP) [an orb of fire]
126872 | Zot:5    | Killed an orb of fire
126882 | Zot:5    | Gained mutation: You are dopey. (Int -2) [an orb of fire]
126884 | Zot:5    | Killed an orb of fire
126999 | Zot:5    | Noticed an ancient lich
127005 | Zot:5    | Killed an ancient lich
127038 | Zot:5    | Noticed an orb of fire
127051 | Zot:5    | Killed an orb of fire
127771 | Zot:5    | Got the Orb of Zot
127936 | Zot:1    | Noticed a seraph
127949 | Zot:1    | Killed a seraph
128040 | Depths:3 | Noticed Qocixt the pandemonium lord
128051 | Depths:3 | Killed Qocixt the pandemonium lord
128124 | Depths:1 | Reached skill level 27 in Spellcasting
128131 | Depths:1 | Reached skill level 1 in Translocations
128328 | D:13     | Noticed Gonk the pandemonium lord
128334 | D:13     | Killed Gonk the pandemonium lord
128562 | D:$      | Escaped with the Orb!

Illustrated notes

Levels and vault maps discovered:
D:1:      minmay_arrival_open_corners, layout_basic
D:2:      layout_basic, uniq_robin
D:3:      layout_loops_ring, grunt_gozag_breadcrumbs,
          lemuel_coloured_pillars_altar, chequers_ecumenical_altar_island,
          kennysheep_cluttered_room
D:4:      layout_basic
D:5:      kennysheep_six_static_rooms, layout_loops_ring, kennysheep_little_box,
          minmay_misc_feat_chi, tso_altar
D:6:      layout_basic, kiku_gazebo_pond_becter, ashenzari_conservatory_becter,
          nicolae_qazlal_general_emergency, elyvilon_altar_4,
          nicolae_overflow_hidden_temple
D:7:      layout_rooms, minmay_temple_entry_antechambers
D:8:      layout_gridville, nicolae_overflow_crystal_walls, serial_shops, shop,
          gup_ossuary_entry_pyramid, roderic_batcave, minmay_mini_ossuary
D:9:      layout_rooms, erik_lair_orcish_takeover, david_orc_5,
          grunt_decor_clamped, uniq_grum
D:10:     layout_cave_pools, uniq_fannar
D:11:     layout_gridville, basic_altar, serial_shops, nicolae_shop_trees,
          dk_noncrumbling_3
D:12:     layout_cross, moated_statue
D:13:     thingy_vault, layout_basic, erik_vaults_2
D:14:     minmay_the_grid_triangle_9x9_rhombus_thin_mashed
          [minmay_the_grid_triangle_9x9_flanged_cone,
          minmay_the_grid_triangle_9x9_prize_schism,
          minmay_the_grid_triangle_9x9_sprig,
          minmay_the_grid_triangle_9x9_odd_lines], layout_loops_ring,
          statue_in_the_mist_lemuel, chequers_serial_rivers_room_b
D:15:     hangedman_slaughterboxes, serial_shops
Lair:1:   layout_gridlike, nicolae_volcano_entry_s_turn, worms_lemuel,
          grunt_megastairs_4, lemuel_fruit_tree
Lair:2:   layout_cave_shapes, minmay_swamp_entry_reptiles,
          guppyfry_snake_entry_island, portal_ice_cave_entry_pillars_1,
          ebering_ghost_funeral_grove, grunt_forest_large_clearing_hut
Lair:3:   layout_roguey, grunt_forest_stairs_basic
Lair:4:   layout_concentric_octagons, chequers_serial_rivers_small_b,
          serial_bayou_shore_a, infiniplex_staircase_pool_2
Lair:5:   layout_roguey
Lair:6:   minmay_lair_end_frog_pond, layout_regular_city, slime_altar_1,
          small_statue_intersection, uniq_sonja
Swamp:1:  layout_falls_marsh, hangedman_swamp_ruin_wall, swamp_pool1
Swamp:2:  layout_basic_swamp, evilmike_swamp_ruin_house_4, swamp_pool1
Swamp:3:  layout_falls_marsh, serial_swamp_ruin, evilmike_swamp_ruin_house_6,
          evilmike_swamp_ruin_rubble_1
Swamp:4:  grunt_swamp_rune_castle, layout_basic_swamp, swamp_pool1
Snake:1:  layout_basic, serial_shops, shop, minmay_shop_grove
Snake:2:  layout_gridlike, uniq_aizul, uniq_jorgrun
Snake:3:  hangedman_cross_veins, layout_cave_town, gammafunk_ghost_cemetery,
          uniq_donald, uniq_vashnia, uniq_kirke
Snake:4:  snake_pit_salamanders_mu, layout_rooms
Slime:1:  cheibrodos_slime_lost_civilization_2, layout_caves
Slime:2:  layout_caves, basic_altar
Slime:3:  layout_caves
Slime:4:  layout_caves
Slime:5:  uniq_dissolution
Orc:1:    layout_caves, basic_altar, serial_shops, nicolae_shop_waterfront,
          nicolae_orc_pool_cavern, guppyfry_library_mini
Orc:2:    st_orc_ogre_mass, layout_diamond_mine
Elf:1:    minmay_elf_arrival_summoners, layout_geoelf_octagon, serial_shops,
          nicolae_shop_statue_plus, kennysheep_underground_church,
          onia_ninara_cookie, uniq_roxanne
Elf:2:    layout_loops_ring, minivault_25_ag, minivault_15, uniq_asterion
Elf:3:    minmay_elf_hall_not_hex, layout_gridlike, serial_corexii_hall,
          corexii_hall_statues_l, chequers_hall_statues_y, minmay_shop_star,
          uniq_nikola, uniq_bai_suzhen
Vaults:1: v_rooms_3, v_misc_3, ontoclasm_vaults_gateway,
          hangedman_vaults_corner_blocks, v_misc_23,
          nicolae_vaults_mini_display_case, dpeg_vaults_monster_box,
          v_alt_pattern_2, nicolae_vaults_yaktaur_gun_rack,
          vaults_dpeg_diagonal, nicolae_vaults_hallways_thing,
          nicolae_vaults_little_squares_4, vaults_dpeg_hooks,
          layout_vaults_omnicross, serial_shops, shop, shop, shop, shop
Vaults:2: v_pattern_4, v_misc_13, vaults_room_pool, vaults_room_large_hall,
          v_misc_25, serial_ice_b, v_misc_13, nicolae_vaults_little_squares_2,
          grunt_vaults_trifunnel, vaults_room_large_hall,
          layout_vaults_omnigrid, uniq_jory
Vaults:3: nicolae_vaults_sealed_display, hangedman_vaults_snaps,
          vaults_room_large_hall, minmay_crypt_entry_simple_corners, v_misc_1,
          ontoclasm_vaults_shuriken, ontoclasm_vaults_gallery,
          nicolae_vaults_bisected_slash, v_rooms_6, nicolae_vaults_triangles,
          vaults_mumra_hex, nicolae_vaults_little_squares_5,
          vaults_room_ringed_pool, vaults_room_grid, ontoclasm_vaults_ligature,
          v_misc_15, layout_vaults_omnibox
Vaults:4: gammafunk_vaults_ghost_necromancy, v_misc_17, vaults_room_grid,
          vaults_dpeg_encased_lava, hangedman_vaults_stream, v_misc_9,
          v_misc_25, vaults_room_fours, hangedman_vaults_trim,
          nicolae_vaults_big_ls, vaults_mumra_minichess_inversion,
          layout_vaults_ring, uniq_margery
Vaults:5: serial_shops
Crypt:1:  layout_misc_corridors, grunt_crypt_arrival_webbed
Crypt:2:  layout_misc_corridors, uniq_frederick, uniq_boris
Crypt:3:  david_glass_crypt, layout_basic, tomb_entry_simple_bobbens
Tomb:1
Tomb:2
Depths:1: layout_gridville, minmay_misc_feat_room, hellmouth_1,
          chequers_serial_rivers_small_a, chequers_jeans, minmay_misc_feat_rows,
          st_stairs_8, minislime_mu
Depths:2: lemuel_vampire_tower, layout_gridlike, hell_entry, special_room
          [special_room_morgue], serial_shops, nicolae_shop_behind_doors
Depths:3: evilmike_halls_of_destruction, layout_basic, ziggurat_fallback,
          grunt_pan_entry_in_and_out, hell_entry, nicolae_trove_entry_crossroad,
          skrybe_limestone_x
Depths:4: minmay_thinvault, layout_long_grid, abyss_entry,
          rand_demon_pan_entry_8, hell_entry, infiniplex_staircase_river,
          grunt_decor_cap, uniq_enchantress
Depths:5: grunt_zot_entry_alcove, layout_honeycomb, grunt_hell_entry_dis_mu,
          pan_entry, evilmike_ruin_ashenzari,
          nicolae_abyss_entry_one_way_or_another, serial_bayou_shore_b,
          minmay_shoptagon
Hell
Dis:1:    layout_gridville
Dis:2:    layout_gridville
Dis:3:    layout_gridville
Dis:4:    layout_subdivisions, hangedman_dis_decor_blocks_talon,
          grunt_megastairs_3
Dis:5:    layout_chaotic_city
Dis:6:    layout_subdivisions
Dis:7:    dis_grunt_layers
Geh:1:    layout_gehenna_pools_basic, lemuel_flamethrower_2
Geh:2:    layout_gehenna_pools_basic
Geh:3:    layout_gehenna_pools_basic
Geh:4:    layout_gehenna_lava_caves
Geh:5:    layout_gehenna_pools_basic, nicolae_geh_fiery_graves
          [nicolae_geh_single_fiery_grave, nicolae_geh_single_fiery_grave,
          nicolae_geh_single_fiery_grave, nicolae_geh_single_fiery_grave,
          nicolae_geh_single_fiery_grave, nicolae_geh_single_fiery_grave,
          nicolae_geh_single_fiery_grave, nicolae_geh_single_fiery_grave,
          nicolae_geh_single_fiery_grave]
Geh:6:    layout_gehenna_pools_triple, lemuel_elevator
Geh:7:    geh_grunt_pentagon
Coc:1:    layout_ice_bergs
Coc:2:    layout_cocytus_water_paths
Coc:3:    layout_ice_bergs
Coc:4:    layout_ice_bergs
Coc:5:    layout_ice_bergs
Coc:6:    layout_ice_bergs
Coc:7:    coc_mu
Tar:1:    layout_grid_maze, nicolae_tar_cuneiform_two, lemuel_nasty_fountain
Tar:2:    layout_catacombs
Tar:3:    layout_grid_maze
Tar:4:    layout_cathedral_of_symmetry, nicolae_tar_cuneiform_sun
Tar:5:    layout_grid_maze
Tar:6:    layout_cathedral_of_symmetry
Tar:7:    tar_grunt_cathedral
Zot:1:    infiniplex_zot_generator, layout_misc_corridors,
          gammafunk_ghost_abyssal_escape
Zot:2:    layout_misc_corridors, st_stairs_6
Zot:3:    layout_misc_corridors, lemuel_baited_zot_trap,
          chequers_guarded_unrand_mask_of_the_dragon
Zot:4:    layout_misc_corridors, zot_minivault_4
Zot:5:    layout_twisted_circle

Skill      XL: |  1  2  3  4  5  6  7  8  9 10 11 12 13 14 15 16 17 18 19 20 21 22 23 24 25 26 27 |
---------------+----------------------------------------------------------------------------------+-----
Fighting       | 4 5 6 8 9 10 12 13 14 16 17 18 19 20 22 23 25 27 | 27.0
Armour         | 4 5 6 7 9 10 12 13 14 16 17 18 19 20 21 22 23 24 25 27 | 27.0
Shields        | 4 5 6 7 9 10 12 13 15 16 17 18 19 20 21 22 23 24 26 27 | 27.0
Maces & Flails | 3 4 5 6 7 9 10 11 13 | 13.1
Long Blades    | 12 17 20 21 22 23 24 25 26 27 | 27.0
Dodging        | 27 | 27.0
Spellcasting   | 27 | 27.0
Unarmed Combat | 27 | 27.0
Invocations    | 27 | 27.0
Translocations | 4 |  4.9

Action                   |  1- 3 |  4- 6 |  7- 9 | 10-12 | 13-15 | 16-18 | 19-21 | 22-24 | 25-27 || total
-------------------------+-------+-------+-------+-------+-------+-------+-------+-------+-------++-------
Melee: Flail             |   104 |   142 |   474 |   756 |       |       |       |       |       ||  1476
       Headbutt          |    15 |    27 |   107 |   203 |   354 |   353 |   442 |   496 |  3646 ||  5643
       Katana            |       |       |       |       |  1105 |   886 |   850 |  1350 |  7661 || 11852
       Double sword      |       |       |       |       |       |   253 |   255 |       |  2893 ||  3401
       Unarmed           |       |       |       |       |       |    13 |       |       |    22 ||    35
Invok: Call Merchant     |       |       |       |       |     3 |     1 |     2 |     3 |     1 ||    10
       Summon Divine War |       |       |       |       |       |       |       |       |    14 ||    14
       Divine Shield     |       |       |       |       |       |       |       |       |     8 ||     8
       Brand Weapon With |       |       |       |       |       |       |       |       |     1 ||     1
Evoke: Wand              |       |       |       |       |       |       |     2 |       |     3 ||     5
  Use: Scroll            |     4 |     6 |     5 |    15 |    12 |     8 |     9 |    14 |    42 ||   115
       Potion            |     3 |     1 |     1 |    18 |     3 |     2 |     7 |    11 |    43 ||    89
 Stab: Distracted        |       |       |     1 |     5 |    20 |    11 |     9 |    23 |     1 ||    70
       Invisible         |       |       |       |     7 |       |       |       |       |       ||     7
       Sleeping          |       |       |       |       |     2 |       |       |       |       ||     2
       Petrified         |       |       |       |       |     4 |       |       |       |       ||     4
       Confused          |       |       |       |       |       |     3 |       |       |       ||     3
Armor: Scale mail        |    63 |    49 |       |   196 |   309 |       |       |       |       ||   617
       Skin              |     6 |       |       |       |       |       |       |       |       ||     6
       Plate armour      |       |     7 |   246 |   166 |       |       |       |       |       ||   419
       Gold dragon scale |       |       |       |       |     1 |   578 |   444 |   316 |  1659 ||  2998
Dodge: Dodged            |    31 |    31 |    74 |   172 |   220 |   132 |   100 |    94 |  2641 ||  3495
Block: Kite shield       |    58 |    95 |   314 |   509 |   646 |       |       |       |       ||  1622
       Tower shield      |       |       |       |       |     3 |  1105 |   952 |  1101 | 10746 || 13907
       Rpst.: Katana     |       |       |       |       |    49 |     9 |    16 |    17 |   201 ||   292
       Double sword      |       |       |       |       |       |     4 |     2 |       |   143 ||   149

Table legend: (Time is in decaauts)
 A = Elapsed time spent in this place.
 B = Non-inter-level travel time spent in this place.
 C = Inter-level travel time spent in this place.
 D = Time resting spent in this place.
 E = Time spent auto-exploring this place.
 F = Levels seen in this place.
 G = Mean time per level.
                   A        B        C        D        E       F      G
               +--------+--------+--------+--------+--------+-----+--------+
         Total | 124047 | 114414 |   9633 |   3841 |  84964 | 116 | 1069.4 |
       Dungeon |  16237 |  13042 |   3195 |    722 |   9567 |  15 | 1082.5 |
          Lair |   7728 |   6869 |    859 |    166 |   5331 |   6 | 1288.0 |
         Swamp |   4008 |   3827 |    181 |     31 |   3005 |   4 | 1002.0 |
     Snake Pit |   5016 |   4754 |    262 |    175 |   3727 |   4 | 1254.0 |
    Slime Pits |   3641 |   3458 |    183 |    491 |   2469 |   5 |  728.2 |
  Orcish Mines |   2346 |   2151 |    195 |    152 |   1443 |   2 | 1173.0 |
   Elven Halls |   3211 |   2962 |    249 |      3 |   2311 |   3 | 1070.3 |
        Vaults |   8383 |   7054 |   1329 |    262 |   5290 |   5 | 1676.6 |
         Crypt |   3133 |   2680 |    453 |      0 |   2158 |   3 | 1044.3 |
          Tomb |   3970 |   3695 |    275 |    178 |   3009 |   2 | 1985.0 |
        Depths |  10370 |   9234 |   1136 |    661 |   6867 |   5 | 2074.0 |
          Hell |    759 |    631 |    128 |      0 |    410 |   1 |  759.0 |
           Dis |   4543 |   4451 |     92 |     45 |   3152 |   7 |  649.0 |
       Gehenna |   6604 |   6430 |    174 |      0 |   4822 |   7 |  943.4 |
       Cocytus |   3752 |   3483 |    269 |    219 |   2027 |   7 |  536.0 |
      Tartarus |   9255 |   8962 |    293 |     16 |   7175 |   7 | 1322.1 |
           Zot |   5516 |   5163 |    353 |     34 |   3967 |   5 | 1103.2 |
         Abyss |   2856 |   2856 |      0 |     70 |   1839 |   6 |  476.0 |
   Pandemonium |  20491 |  20491 |      0 |    512 |  15193 |  18 | 1138.4 |
         Trove |    260 |    260 |      0 |      0 |     12 |   1 |  260.0 |
       Ossuary |    349 |    349 |      0 |      0 |    202 |   1 |  349.0 |
      Ice Cave |   1105 |   1105 |      0 |    100 |    606 |   1 | 1105.0 |
       Volcano |    502 |    502 |      0 |      0 |    376 |   1 |  502.0 |
               +--------+--------+--------+--------+--------+-----+--------+

Top non-repeatable levels by time:
  Tomb:1: 3572 daAuts
Depths:2: 2986 daAuts
   Coc:7: 2901 daAuts
    D:15: 2637 daAuts
Depths:3: 2234 daAuts
   Dis:7: 2153 daAuts
Depths:4: 2085 daAuts
   Tar:7: 1915 daAuts
   Tar:5: 1906 daAuts
 Snake:3: 1868 daAuts
   Geh:7: 1863 daAuts
   Zot:5: 1850 daAuts
    D:13: 1844 daAuts
Vaults:4: 1820 daAuts
   Tar:1: 1726 daAuts
